 Dungeon Crawl Stone Soup version 0.17.0-7-gfadd4cc (console) character file.

31 gw the Vandal (level 3, 0/24 HPs)
             Began as a Halfling Hunter on Nov 9, 2015.
             Slain by an adder (1 damage)
             ... on level 2 of the Dungeon.
             The game lasted 00:01:39 (1248 turns).

gw the Vandal (Halfling Hunter)                     Turns: 1248, Time: 00:01:39

Health: 0/24       AC:  3    Str: 12    XL:     3   Next: 40%
Magic:  3/3        EV: 14    Int: 10    God:
Gold:   31         SH:  0    Dex: 15    Spells: 0 memorised, 2 levels left

rFire  . . .     SeeInvis .     b - -2 whip (curse)
rCold  . . .     Clarity  .     d - +0 leather armour
rNeg   . . .     SustAt   .     (shield restricted)
rPois  .         Gourm    .     (no helmet)
rElec  .         Spirit   .     (no cloak)
rCorr  .         Warding  .     (no gloves)
rMut   .         Stasis   .     (no boots)
MR     .....                    (no amulet)
Stlth  ++........               (no ring)
                                (no ring)

@: lethally poisoned (0 -> -4), not resistant to hostile enchantments,
unstealthy
A: mutation resistance 1
a: no special abilities


You were on level 2 of the Dungeon.
You were not hungry.

You visited 1 branch of the dungeon, and saw 2 of its levels.

You collected 31 gold pieces.

Inventory:

Hand Weapons
 a - a +1 hunting sling
 b - a cursed -2 whip (weapon)
Missiles
 c - 42 stones (quivered)
 f - 19 sling bullets
Armour
 d - a +0 leather armour (worn)
Comestibles
 e - 2 bread rations


   Skills:
 + Level 2.0 Fighting
 + Level 0.1 Maces & Flails
 * Level 6.8 Slings
 + Level 1.0 Armour
 - Level 2.1 Dodging
 - Level 1.1 Stealth


You had 2 spell levels left.
You didn't know any spells.

Dungeon Overview and Level Annotations

Branches:
Dungeon (2/15)

Altars:


Innate Abilities, Weirdness & Mutations

You are small and have problems with some larger weapons.
You are somewhat resistant to further mutation.


Message History

You are poisoned.
The adder poisons you! The kobold barely misses you.
Unknown command.
Unknown command.
Unknown command.
Unknown command.
ATTACKING (0,1)
You barely miss the adder.
The adder is severely wounded.
You feel sick. The adder bites you. The adder closely misses you.
The kobold hits you.
Unknown command.
Unknown command.
Unknown command.
Unknown command.
ATTACKING (0,1)
You miss the adder.
The adder is severely wounded.
The adder bites you.
You die...

#########
#pK.....#
#S7.7.7.#
#.......#
#<.......
#.......#
#.7.7.7.#
#.......#
#########


You could see an adder and a kobold.

Table legend:
 A = Turns spent in this place as a percentage of turns spent in the entire game.
 B = Non-inter-level travel turns spent in this place as a percentage of non-inter-level travel turns spent in the entire game.
 C = Inter-level travel turns spent in this place as a percentage of turns spent in this place.
 D = Turns resting spent in this place as a percentage of non-inter-level travel turns spent in this place.
 E = Turns spent auto-exploring this place as a percentage of non-inter-level travel turns spent in this place.
 F = Non-inter-level travel turns spent in this place divided by the number of levels of this place that you've seen.
                   A       B       C       D       E      F
               +-------+-------+-------+-------+-------+----------------------
         Total | 100.0 | 100.0 |   0.2 |   0.6 |   1.8 | 1200.0
       Dungeon | 100.0 | 100.0 |   0.2 |   0.6 |   1.8 | 1200.0
               +-------+-------+-------+-------+-------+----------------------

Table legend:
 A = Kills in this place as a percentage of kills in entire the game.
 B = Kills by you in this place as a percentage of kills by you in the entire game.
 C = Kills by friends in this place as a percentage of kills by friends in the entire game.
 D = Other kills in this place as a percentage of other kills in the entire game.
 E = Experience gained in this place as a percentage of experience gained in the entire game.
 F = Experience gained in this place divided by the number of levels of this place that you have seen.
                   A       B       C       D       E      F
               +-------+-------+-------+-------+-------+----------------------
         Total | 100.0 | 100.0 |  -nan |  -nan | 100.0 |  22.5
       Dungeon | 100.0 | 100.0 |  -nan |  -nan | 100.0 |  22.5
               +-------+-------+-------+-------+-------+----------------------

Vanquished Creatures
  A bat (D:1)
  2 giant cockroaches (D:1)
  7 goblins (D:1)
  7 hobgoblins
  3 kobolds (D:1)
  A ball python (D:1)
  4 giant newts (D:1)
  3 rats
28 creatures vanquished.

Notes
Turn   | Place    | Note
--------------------------------------------------------------
     0 | D:1      | gw the Halfling Hunter began the quest for the Orb.
     0 | D:1      | Reached XP level 1. HP: 14/14 MP: 1/1
    30 | D:1      | Reached skill level 6 in Slings
   338 | D:1      | Reached XP level 2. HP: 19/19 MP: 2/2
   852 | D:1      | Reached XP level 3. HP: 22/24 MP: 3/3
   959 | D:1      | Reached skill level 1 in Armour
  1247 | D:2      | HP: 1/24 [kobold (2)]
  1248 | D:2      | Slain by an adder

Action                   || total
-------------------------++-------
Melee: Short sword       ||    14
       Whip              ||   116
 Fire: Hunting sling     ||    11
Throw: Stone             ||    20
  Eat: Chunk             ||     1

Vault maps used:
D:1:      dpeg_arrival_pits, serial_glass, glass_columns_b, glass_columns_a,
          corexii_item_surrounded_by_moat, roderic_whirl
D:2:      lemuel_upstairs_altar, ashenzari_altar_1, grunt_gozag_breadcrumbs,
          hex_intersection, corexii_shack, nrook_mini_backslash,
          grunt_ministairs_3
